 Dungeon Crawl Stone Soup version 0.30.0-20-g3615ddf2f0 (webtiles) character file.

Game seed: 16386409296893487627

398 qw the Chopper (level 6, -9/39 HPs)
             Began as a Gargoyle Fighter on May 29, 2023.
             Mangled by a yak (13 damage)
             ... on level 4 of the Dungeon.
             The game lasted 00:01:40 (2953 turns).

qw the Chopper (Gargoyle Fighter)                   Turns: 2953, Time: 00:01:40

Health: -9/39      AC: 17    Str: 21    XL:     6   Next: 83%
Magic:  6/6        EV:  7    Int:  9    God:
Gold:   401        SH:  8    Dex:  9    Spells: 5/5 levels left

rFire   . . .        Y - +0 war axe
rCold   . . .        c - +0 buckler
rNeg    + . .        g - +0 chain mail
rPois   inf          (no helmet)
rElec   +            (no cloak)
rCorr   .            (no gloves)
SInv    .            (no boots)
Will    .....        (no amulet) Stlth
                     h - +4 ring of protection
HPRegen 0.26/turn    (no ring)
MPRegen 0.10/turn

%: no passive effects
@: about to teleport
A: sickness immunity, AC +4, negative energy resistance 1, electricity
resistance, torment resistance 1, petrification resistance, large bone plates 1,
sense surroundings 2
a: no special abilities


You were on level 4 of the Dungeon.
You visited 2 branches of the dungeon, and saw 6 of its levels.

You collected 401 gold pieces.


Innate Abilities, Weirdness & Mutations

You are immune to sickness and miasma.
Your stone body is resilient. (AC +4)
You are immune to poison.
You resist negative energy. (rN+)
You are resistant to electric shocks. (rElec)
You are resistant to unholy torment.
You are immune to petrification.
You are partially covered in large bone plates. (SH +4)
You passively map the area around you.


   Skills:
 - Level 4.7 Fighting
 + Level 5.8 Axes
 - Level 3.2 Armour
 - Level 3.2 Shields


You had 5 spell levels left.
You didn't know any spells.
Your spell library was empty.

Inventory:

Hand Weapons
 b - a +0 flail
 Y - a +0 war axe (weapon)
Armour
 c - a +0 buckler (worn)
 g - a +0 chain mail (worn)
Jewellery
 h - a +4 ring of protection (left hand)
Scrolls
 a - a scroll of identify
 j - a scroll of enchant armour
Potions
 d - a potion of might
 e - a potion of curing
 f - a potion of degeneration {unknown}
 i - a potion of mutation
 k - a potion of cancellation {unknown}
 l - a potion of flight {unknown}
 o - a potion of attraction {unknown}

Dungeon Overview and Level Annotations

Branches:
Dungeon (5/15)             Temple (1/1) D:4

Altars:
Ashenzari
Cheibriados
Dithmenos
Fedhas
Makhleb
Nemelex Xobeh
Qazlal
Ru
Sif Muna
Vehumet
Xom


Message History

Enter note:
Enter note:
Enter note:
Enter note:
Enter note:
Enter note:
Enter note: You hit the yak.
The yak is severely wounded.
You barely miss the yak. You hit the yak. The yak gores you.
The yak closely misses you. The yak gores you but does no damage.
You hit the yak.
The yak is severely wounded.
You barely miss the yak. x2
The yak gores you. The yak gores you! You block the yak's attack.
You barely miss the yak.
The yak is severely wounded.
You slash the yak! You hit the yak. The yak gores you but does no damage.
You block the yak's attack. The yak gores you but does no damage.
You hit the yak but do no damage.
The yak is severely wounded.
You hit the yak. You hit the yak but do no damage.
The yak gores you but does no damage. x2; You block the yak's attack.
You slash the yak!
The yak is almost dead.
You slash the yak! You hit the yak. You block the yak's attack.
The yak gores you. You block the yak's attack.
The yak gores you but does no damage. x2; The yak gores you.
You barely miss the yak.
The yak is almost dead.
You hit the yak but do no damage. You slash the yak!
The yak gores you but does no damage. The yak closely misses you.
The yak gores you.
2953 ||| READING scroll of teleportation.
As you read the scroll of teleportation, it crumbles to dust.
You feel strangely unstable. The yak gores you. The yak gores you!
You die...

#.###.#..#######......####
####.##.................##...
##...........##.........###...
#..<.........##...............
##..#........###..............
#####..#..#......##.......)...#.#
...#...#..#...#...............#.#
........#.....#..Y..).........#..
........#.#.....@Y..#.........../
..........##....Y...####..).<....
..#.............#....###......##.
.##.............#................
...#...................#...#.#..#
...#............#.....##...#.####
...#..........###.............##.
..............#.#.............##.
#..........#..........######...#.


You could see 3 yaks.

Vanquished Creatures
  An ogre (D:4)
  A scorpion (D:3)
  An orc priest (D:3)
  A jelly (D:4)
  Jessica (D:3)
  A sleepcap (D:4)
  7 adders
  A gnoll (D:1)
  A worm (D:2)
  7 orcs (D:3)
  5 bats
  5 endoplasms
  4 giant cockroaches
  6 hobgoblins
  3 quokkas
  2 ball pythons (D:3)
  A frilled lizard (D:1)
  9 goblins
  3 kobolds
  9 rats
69 creatures vanquished.

Notes
Turn   | Place    | Note
-------+----------+-------------------------------------------
     0 | D:1      | qw the Gargoyle Fighter began the quest for the Orb.
     0 | D:1      | Reached XP level 1. HP: 14/14 MP: 1/1
     0 | D:1      | 0 ||| qw: Version: 0.2-a-102-g2b76a06
     0 | D:1      | 0 ||| qw: Game counter: 396
     0 | D:1      | 0 ||| qw: Always use a shield: true
     0 | D:1      | 0 ||| qw: God list: Okawaru
     0 | D:1      | 0 ||| qw: Allow faded altars: false
     0 | D:1      | 0 ||| qw: Do Orc after D:15 true
     0 | D:1      | 0 ||| qw: Do second Lair branch before Depths: true
     0 | D:1      | 0 ||| qw: Lair rune preference: random
     0 | D:1      | 0 ||| qw: Plans: Normal, Zot:1-4, Slime:5, God:TSO, Crypt,
                  | Tomb, Pan, Hells, Abyss, Win
     0 | D:1      | 0 ||| PLANNING D:1-11
   106 | D:1      | Reached skill level 2 in Axes
   259 | D:1      | Reached XP level 2. HP: 19/19 MP: 2/2
   303 | D:1      | 303 ||| Stepping ~*~*~tactically~*~*~ (stealth).
   305 | D:1      | 305 ||| Stepping ~*~*~tactically~*~*~ (stealth).
   377 | D:1      | 377 ||| Stepping ~*~*~tactically~*~*~ (hiding).
   404 | D:1      | 404 ||| DROPPING +0 club.
   412 | D:1      | 412 ||| FLEEEEING.
   467 | D:1      | 467 ||| Stepping ~*~*~tactically~*~*~ (stealth).
   486 | D:1      | Reached skill level 3 in Axes
   518 | D:1      | Reached XP level 3. HP: 23/23 MP: 3/3
   947 | D:1      | 947 ||| UPGRADING to +4 ring of protection.
   948 | D:1      | 948 ||| READING scroll labelled MOSKYAS OVIO.
   952 | D:1      | 952 ||| READING scroll labelled KETYOPH MEAHITT.
   953 | D:1      | 953 ||| READING scroll labelled YXZERPHIMOON.
   980 | D:2      | 980 ||| DROPPING +0 whip.
  1024 | D:2      | Reached XP level 4. HP: 28/28 MP: 4/4
  1121 | D:2      | 1121 ||| Stepping ~*~*~tactically~*~*~ (stealth).
  1243 | D:2      | Reached skill level 4 in Axes
  1431 | D:2      | 1431 ||| UPGRADING to +0 chain mail.
  1441 | D:2      | 1441 ||| DROPPING +0 scale mail.
  1442 | D:2      | 1442 ||| READING scroll labelled NUGHIL IBRO.
  1443 | D:2      | 1443 ||| READING scroll labelled HAYFUTS REQEDWA.
  1444 | D:2      | 1444 ||| READING scroll labelled ONGANA NAASYEN.
  1445 | D:2      | 1445 ||| DRINKING 2 orange potions.
  1446 | D:2      | 1446 ||| DRINKING 2 glowing dark potions.
  1446 | D:2      | Gained mutation: You passively map a small area around you.
                  | [potion of mutation]
  1446 | D:2      | Gained mutation: You are partially covered in large bone
                  | plates. (SH +4) [potion of mutation]
  1446 | D:2      | Gained mutation: You passively map the area around you.
                  | [potion of mutation]
  1493 | D:3      | 1493 ||| Stepping ~*~*~tactically~*~*~ (hiding).
  1512 | D:3      | 1512 ||| DROPPING +1 whip of venom.
  1792 | D:3      | 1792 ||| Stepping ~*~*~tactically~*~*~ (stealth).
  1799 | D:3      | Reached XP level 5. HP: 32/32 MP: 5/5
  1919 | D:3      | Noticed Jessica
  1920 | D:3      | 1920 ||| Stepping ~*~*~tactically~*~*~ (hiding).
  1929 | D:3      | 1929 ||| Stepping ~*~*~tactically~*~*~ (hiding).
  1933 | D:3      | 1933 ||| Stepping ~*~*~tactically~*~*~ (hiding).
  1942 | D:3      | Killed Jessica
  1943 | D:3      | Reached skill level 5 in Axes
  1999 | D:3      | 1999 ||| DROPPING +1 mace of protection.
  2072 | D:3      | 2072 ||| Stepping ~*~*~tactically~*~*~ (stealth).
  2142 | D:3      | Found a sacrificial altar of Ru.
  2143 | D:3      | Found a stormy altar of Qazlal.
  2223 | D:3      | 2223 ||| READING scroll labelled WUACHE FAID.
  2244 | D:3      | 2244 ||| READING 2 scrolls of identify.
  2244 | D:3      | 2244 ||| IDENTIFYING viscous brown potion
  2245 | D:3      | 2245 ||| DROPPING potion of invisibility.
  2261 | D:4      | 2261 ||| STAIRDANCE
  2268 | D:3      | Reached XP level 6. HP: 27/39 MP: 6/6
  2443 | D:4      | Found a staircase to the Ecumenical Temple.
  2444 | D:4      | 2444 ||| PLANNING TEMPLE
  2451 | Temple   | Entered the Ecumenical Temple
  2486 | Temple   | 2486 ||| PLANNING D:1-11
  2727 | D:4      | Found a blossoming altar of Fedhas.
  2733 | D:4      | HP: 9/39 [acid (5)]
  2734 | D:4      | 2734 ||| READING 2 scrolls of teleportation.
  2904 | D:4      | 2904 ||| READING scroll labelled ORERYU QICKETT.
  2935 | D:5      | Entered Level 5 of the Dungeon
  2935 | D:5      | Noticed a yak
  2935 | D:5      | Noticed a yak
  2935 | D:5      | Noticed a yak
  2936 | D:5      | Noticed a yak
  2937 | D:5      | Noticed a yak
  2942 | D:5      | Noticed a yak
  2945 | D:5      | 2945 ||| STAIRDANCE
  2952 | D:4      | HP: 9/39 [yak (3)]
  2953 | D:4      | 2953 ||| READING scroll of teleportation.
  2953 | D:4      | HP: 4/39 [yak (5)]
  2953 | D:4      | Mangled by a yak

Levels and vault maps discovered:
D:1:      eino_arrival_cavern_a, layout_basic, serial_glass, glass_columns_b,
          glass_columns_c
D:2:      layout_rooms
D:3:      layout_loops_cross, gammafunk_temple_overflow_statue,
          hangedman_decor_points, minmay_shallow_snake_nest, uniq_jessica
D:4:      layout_cave_pools, mainiacjoe_overflow_alcove_1,
          minmay_temple_entry_junction, minmay_gold_behind_fungi
D:5:      layout_basic, ebering_ghost_disaster_area, serial_corexii_hall,
          corexii_hall_statues_deadend, corexii_hall_statues_l,
          nicolae_shop_dragon_depot, lemuel_flamethrower_1
Temple:   nicolae_temple_ecumenical_triangle

Skill      XL: |  1  2  3  4  5 |
---------------+----------------+-----
Axes           | 2 3 4 5 |  5.8
Fighting       | 4 |  4.7
Armour         | |  3.2
Shields        | |  3.2

Action                     |  1- 3 |  4- 6 || total
---------------------------+-------+-------++-------
  Melee: War axe           |   124 |   141 ||   265
  Throw: Boomerang         |       |     1 ||     1
    Use: Scroll            |     3 |     8 ||    11
         Potion            |       |     2 ||     2
 Armour: Scale mail        |    69 |    12 ||    81
         Chain mail        |       |    66 ||    66
  Dodge: Dodged            |    56 |    35 ||    91
  Block: Buckler           |    30 |    55 ||    85

Table legend:
 A = Non-vault XP
 B = Vault XP
 C = Vault XP percentage of total XP
 D = Non-vault monster count
 E = Vault monster count
 F = Vault count percentage of total count
                 A         B        C        D         E       F
            +---------+---------+-------+---------+---------+-------
      Total |     517 |      52 |   9.1 |      65 |       4 |   5.8
            +---------+---------+-------+---------+---------+-------
        D:1 |      56 |       0 |   0.0 |      27 |       0 |   0.0
        D:2 |      47 |       0 |   0.0 |      12 |       0 |   0.0
        D:3 |     208 |      52 |  20.0 |      19 |       4 |  17.4
        D:4 |     206 |       0 |   0.0 |       7 |       0 |   0.0
            +---------+---------+-------+---------+---------+-------
